 Dungeon Crawl Stone Soup version 0.20-a0-820-g557356e (webtiles) character file.

18 GreetingsTrabeler the Scratcher (level 2, -10/12 HPs)
             Began as a Felid Transmuter on Mar 4, 2017.
             Mangled by a worm (11 damage)
             ... on level 2 of the Dungeon.
             The game lasted 00:03:12 (1043 turns).

GreetingsTrabeler the Scratcher (Felid Transmuter)  Turns: 1043, Time: 00:03:13

Health: -10/12     AC:  1    Str:  6    XL:     2   Next: 48%
Magic:  6/6        EV: 18    Int: 14    God:
Gold:   3          SH:  0    Dex: 16    Spells: 4/5 levels left
                                        Lives:  0   Deaths: 0

rFire    . . .     SeeInvis +     - Unarmed
rCold    . . .     Gourm    .   (armour unavailable)
rNeg     . . .     Faith    .   (shield unavailable)
rPois    .         Spirit   .   (helmet unavailable)
rElec    .         Reflect  .   (cloak unavailable)
rCorr    .         Harm     .   (gloves unavailable)
MR       .....                  (boots unavailable)
Stlth    ++........             (no amulet)
Regen    0.1/turn               (no ring)
MPRegen  0.1/turn               (no ring)

@: appendage, quick
A: no armour, no weapons or thrown items, stealth, claws 1, fangs 3, horns 2,
see invisible, carnivore 3, speed 1, shaggy fur 1, slow metabolism 1, sharp paws
a: End Transformation


You were on level 2 of the Dungeon.
You were very full.
You had grown temporary horns.
You visited 1 branch of the dungeon, and saw 2 of its levels.

You collected 3 gold pieces.

Inventory:

Missiles
 a - 12 arrows
Scrolls
 f - a scroll of recharging {unknown}
 h - a scroll of amnesia {unknown}
 i - a scroll of immolation {unknown}
 j - a scroll of teleportation {unknown}
Potions
 d - a potion of brilliance {unknown}
 e - a potion of ambrosia {unknown}
Books
 b - a book of Changes

   Spells                             Type                      Level
   a - Beastly Appendage              Transmutation                1
   b - Sticks to Snakes               Transmutation                2
   c - Spider Form                    Transmutation/Poison         3
   d - Ice Form                       Ice/Transmutation            4
   e - Blade Hands                    Transmutation                5
Comestibles
 c - a meat ration


   Skills:
 - Level 1.0 Fighting
 - Level 2.6 Dodging
 + Level 3.5 Unarmed Combat
 - Level 2.0 Spellcasting
 + Level 2.7 Transmutations


You had 4 spell levels left.
You knew the following spells:

 Your Spells              Type           Power        Failure   Level  Hunger
a - Beastly Appendage     Tmut           #.....       10%         1    ##.....


Dungeon Overview and Level Annotations

Branches:
Dungeon (2/15)

Altars:


Innate Abilities, Weirdness & Mutations

You cannot wear armour.
You are incapable of wielding weapons or throwing items.
Your paws allow you to move quietly. (Stealth)
You have sharp claws.
You have razor-sharp teeth.
You have supernaturally acute eyesight. (SInv)
You are carnivorous and can eat meat at any time.
You cover ground quickly.
You are covered in fur. (AC +1)
You have a slow metabolism.
Your sharp claws are effective at attacking unaware monsters.
You have a pair of horns on your head.


Message History

Found a robe and a fizzy inky potion.
There is a stone staircase leading up here.
Casting: Beastly Appendage
Confirm with . or Enter, or press ? or * to list all spells.
You grow a pair of large bovine horns.
Found an escape hatch in the ceiling.
You barely miss the worm. You headbutt the worm!
The worm is heavily wounded.
You scratch the worm.
The worm is severely wounded.
The worm bites you!
Ouch! That really hurt!
* * * LOW HITPOINT WARNING * * *
You scratch the worm.
The worm is severely wounded.
You barely miss the worm. Your bite misses the worm.
The worm is severely wounded.
The worm bites you!
Ouch! That really hurt!
You die...

#.# # ...
.# #.# .#
###.##.####
...<.....#
###.#...#
#...<...#
#.#...#.#.#
#@...[..#
#..w###.###
###.# .#
#.# . ..# #
... ###


You could see a worm.

Vanquished Creatures
  A worm (D:1)
  A dart slug (D:1)
  A ball python (D:1)
  2 giant cockroaches (D:1)
  3 hobgoblins (D:1)
  2 bats (D:1)
  A goblin (D:1)
  A rat (D:1)
12 creatures vanquished.

Notes
Turn   | Place    | Note
-------+----------+-------------------------------------------
     0 | D:1      | GreetingsTrabeler the Felid Transmuter began the quest for the Orb.
     0 | D:1      | Reached XP level 1. HP: 9/9 MP: 4/4
   444 | D:1      | Reached XP level 2. HP: 12/12 MP: 4/6
  1043 | D:2      | Mangled by a worm

Vault maps used:
D:1:      evilmike_arrival_run_for_it, minmay_misc_feat_secret_circle
D:2:      lemuel_doored_altar, fedhas_altar_3, first_bread

Action                   || total
-------------------------++-------
Melee: Unarmed           ||    30
       Bite              ||     3
       Headbutt          ||     3
 Cast: Beastly Appendage ||     6
 Stab: Sleeping          ||     1
  Eat: Chunk             ||     7
Armor: Skin              ||     3
Dodge: Dodged            ||    14
